 Dungeon Crawl Stone Soup version 0.31-a0-1074-g0b22e4e0f1 (webtiles) character file.

Game seed: 6738485138158983927

33989 greasedhog the Brawler (level 13, 0/131 HPs)
             Began as a Troll Fighter on Nov 30, 2023.
             Was the Champion of Wu Jian.
             Slain by an 11-headed hydra (10 damage)
             ... on level 1 of the Lair of Beasts.
             The game lasted 00:28:53 (12076 turns).

greasedhog the Brawler (Troll Fighter)             Turns: 12076, Time: 00:28:55

Health: 0/131      AC:  9    Str: 27    XL:     13   Next: 39%
Magic:  12/12      EV: 14    Int:  8    God:    Wu Jian [******]
Gold:   968        SH: 15    Dex:  9    Spells: 12/12 levels left

rFire   + .          .
                       - Unarmed
rCold   . . .        M - +0 tower shield
rNeg    + . .        H - +0 acid dragon scales
rPois   +            (helmet restricted)
rElec   .            d - +0 cloak
rCorr   +            (gloves unavailable)
SInv    .            (boots unavailable)
Will    .....        w - amulet of the acrobat
Stlth   +            f - +5 ring of evasion
HPRegen 1.21/turn    E - ring "Naoxilank" {rPois rF+ rN+}
MPRegen 0.13/turn

%: acrobat
@: studying Armour, serpent's lash
A: large, unfitting armour, claws 3, regeneration 1, shaggy fur 1, tough skin 1
a: Renounce Religion, Wall Jump, Serpent's Lash, Heavenly Storm


You were on level 1 of the Lair of Beasts.
You worshipped Wu Jian.
Wu Jian was exalted by your worship.
You visited 4 branches of the dungeon, and saw 16 of its levels.

You collected 1493 gold pieces.
You spent 525 gold pieces at shops.

Inventory:

Missiles
 G - 6 curare-tipped darts (quivered)
 K - 2 throwing nets
Armour
 d - a +0 cloak (worn)
 H - +0 acid dragon scales (worn)
 M - a +0 tower shield (worn)
Jewellery
 f - a +5 ring of evasion (left claw)
 r - a ring of fire
 u - a ring of ice
 w - an amulet of the acrobat (around neck)
 C - a +4 ring of protection
 E - the ring "Naoxilank" (right claw) {rPois rF+ rN+}
   (You found it on level 10 of the Dungeon)

   [ring of protection from fire]

   rF+:       It protects you from fire.
   rPois:     It protects you from poison rN+: It protects you from negative
   energy.
Wands
 y - a wand of flame (34)
 A - a wand of iceblast (11)
 F - a wand of quicksilver (15)
 J - a wand of charming (4)
Scrolls
 a - a scroll of silence
 b - 3 scrolls of amnesia
 e - 2 scrolls of fog
 h - 4 scrolls of immolation
 i - 3 scrolls of enchant weapon
 j - 9 scrolls of teleportation
 m - a scroll of butterflies
 o - 2 scrolls of poison
 q - 2 scrolls of torment {unknown}
 t - 2 scrolls of revelation {unknown}
 v - 6 scrolls of fear {unknown}
 D - 2 scrolls of blinking
 O - 2 scrolls of enchant armour
Potions
 c - 2 potions of might
 g - 4 potions of lignification
 k - 13 potions of curing
 l - a potion of degeneration {unknown}
 n - a potion of berserk rage {unknown}
 p - 4 potions of heal wounds
 s - a potion of resistance
 x - a potion of cancellation {unknown}
 z - 3 potions of brilliance {unknown}
 B - 2 potions of enlightenment {unknown}
 I - a potion of haste {unknown}
 L - 5 potions of ambrosia
 P - a potion of invisibility {unknown}
 Q - a potion of mutation {unknown}


   Skills:
 + Level 9.5 Fighting
 + Level 8.1 Dodging
 + Level 10.4 Shields
 * Level 15.2 Unarmed Combat


You had 12 spell levels left.
You didn't know any spells.
Your spell library contained the following spells:

 Spells                   Type           Power      Damage    Failure   Level
 Magic Dart               Conj           0%         1d3       85%         1
 Sandblast                Erth           0%         2d4       85%         1
 Call Imp                 Summ           0%         N/A       94%         2
 Cigotuvi's Dreadful Rot  Necr/Pois/Air  0%         N/A       94%         2
 Lesser Beckoning         Tloc           0%         N/A       94%         2
 Passwall                 Tmut/Erth      0%         N/A       94%         2
 Poisonous Vapours        Pois/Air       0%         N/A       94%         2
 Call Canine Familiar     Summ           0%         N/A       99%         3
 Gell's Gravitas          Tloc           0%         N/A       99%         3
 Ignite Poison            Fire/Tmut/Pois 0%         N/A       99%         3
 Mephitic Cloud           Conj/Pois/Air  0%         N/A       99%         3
 Sigil of Binding         Hex            0%         N/A       99%         3
 Stone Arrow              Conj/Erth      0%         3d7       99%         3
 Teleport Other           Tloc           0%         N/A       99%         3
 Volatile Blastmotes      Fire/Tloc      0%         2d10      99%         3
 Animate Armour           Summ/Erth      0%         N/A       100%        4
 Brom's Barrelling Bould  Conj/Erth      0%         2d3       100%        4
 Dimensional Bullseye     Hex/Tloc       0%         N/A       100%        4
 Fulminant Prism          Conj/Hex       0%         3d5       100%        4
 Iskenderun's Mystic Bla  Conj/Tloc      0%         2d3       100%        4
 Leda's Liquefaction      Hex/Erth       0%         N/A       100%        4
 Freezing Cloud           Conj/Ice/Air   0%         6-21      100%        5
 Dispersal                Tloc           0%         N/A       100%        6
 Lehudib's Crystal Spear  Conj/Erth      0%         10d2      100%        8


Dungeon Overview and Level Annotations

Branches:
Dungeon (12/15)            Temple (1/1) D:6            Lair (1/5) D:10
    Orc (2/2) D:9             Elf (0/3) Orc:2

Altars:
Ashenzari
Cheibriados
Dithmenos
Elyvilon
Fedhas
Gozag
Hepliaklqana
Kikubaaqudgha
Makhleb
Nemelex Xobeh
Okawaru
Qazlal
Ru
Sif Muna
Trog
Uskayaw
Vehumet
Wu Jian
Xom
Yredelemnul
Zin
The Shining One

Shops:
D:1 [   Orc:2 [(?*[


Innate Abilities, Weirdness & Mutations

You are too large for most types of armour.
You have claws for hands.
Your natural rate of healing is unusually fast.
You are covered in fur. (AC +1)
You have tough skin. (AC +1)


Message History

You tear one of the nine-headed hydra's heads off!
The eight-headed hydra grows two more!
You mangle the ten-headed hydra!!
The ten-headed hydra is heavily wounded.
The blink frog hits you!
You block the ten-headed hydra's attack.
The ten-headed hydra barely misses you.
You block the ten-headed hydra's attack.
The ten-headed hydra bites you!
You block the ten-headed hydra's attack.
The ten-headed hydra bites you but does no damage.
You block the ten-headed hydra's attack.
The ten-headed hydra barely misses you.
The ten-headed hydra completely misses you.
The ten-headed hydra misses you.
The blink frog blinks!
The blink frog hits you.
You barely miss the blink frog.
The blink frog is moderately wounded.
The blink frog blinks!
The blink frog hits you!
* * * LOW HITPOINT WARNING * * *
You block the ten-headed hydra's attack. x2
The ten-headed hydra bites you.
* * * LOW HITPOINT WARNING * * *
The ten-headed hydra bites you.
* * * LOW HITPOINT WARNING * * *
The ten-headed hydra closely misses you.
The ten-headed hydra bites you!
* * * LOW HITPOINT WARNING * * *
You block the ten-headed hydra's attack.
The ten-headed hydra bites you but does no damage.
The ten-headed hydra bites you.
* * * LOW HITPOINT WARNING * * *
You block the ten-headed hydra's attack.
Unknown command.
You claw one of the ten-headed hydra's heads off!
The nine-headed hydra grows two more!
You mangle the 11-headed hydra!!
The 11-headed hydra is severely wounded.
The blink frog barely misses you.
The 11-headed hydra completely misses you.
The 11-headed hydra bites you!
You die...

....D..###...............###
.......h....................
#..###.#Y###.#..#.##.##.#.#.
##Yh# ###.####...#####. ##.#
#.## ##.. #. #PF# #..# #.#
#. ##.# ##.## #.# ###.
.###.#Y####...####.####P..
#.....FYlD@FF..............
.......F####...####.######.
.......:# ##§## #.# ##.
#....F.§# #.# #.# #..
#...F...# #.# #.# ##.
#.......# ..# #.# #.
#.......# #.# #.# #. .......
#. #.# #. #.# #.


You could see a 11-headed hydra, a komodo dragon, 2 yaks, 3 blink frogs and a
bullfrog.

Vanquished Creatures
  4 two-headed ogres
  4 orc high priests (Orc:2)
  Sonja (Orc:2)
  6 orc knights
  6 orc sorcerers
  2 ugly things (D:12)
  A deep elf pyromancer (D:12)
  A cyclops (D:8)
  2 manticores
  A cane toad (Lair:1)
  3 kobold demonologists
  A komodo dragon (D:11)
  3 trolls
  A queen bee (D:11)
  Prince Ribbit (D:7)
  2 slime creatures
  39 yaks
  3 wraiths
  5 wyverns
  5 humans (D:7)
  2 basilisks (D:12)
  A steam dragon (D:7)
  Menkaure (D:4)
  4 vampire mosquitoes (D:12)
  Duvessa (D:5)
  2 acid dragons
  4 water moccasins
  25 orc warriors
  A black bear (D:4)
  A sky beast (D:7)
  4 ice beasts
  7 ogres
  4 wolves (Lair:1)
  9 centaurs
  A phantom (D:5)
  5 kobold brigands
  7 bullfrogs
  3 gnoll sergeants
  5 scorpions
  5 wights
  Dowan (D:5)
  31 killer bees
  4 howler monkeys
  An electric eel (D:7)
  2 jellies
  2 gnoll boudas
  16 orc priests
  6 hounds
  4 sleepcaps
  5 iguanas
  15 orc wizards
  Robin (D:2)
  23 gnolls
  8 adders
  2 shadow imps
  A white imp (D:5)
  2 ufetubi (D:6)
  A dart slug (D:2)
  79 orcs
  12 bats
  10 endoplasms
  5 giant cockroaches
  16 goblins
  8 hobgoblins
  4 jackals (D:3)
  29 kobolds
  6 quokkas
  11 ball pythons
  A frilled lizard (D:3)
  3 rats (D:2)
  A spectral goblin (D:1)
493 creatures vanquished.

Vanquished Creatures (others)
  An orc wizard (D:7)
1 creature vanquished.

Grand Total: 494 creatures vanquished

Notes
Turn   | Place    | Note
-------+----------+-------------------------------------------
     0 | D:1      | greasedhog the Troll Fighter began the quest for the Orb.
     0 | D:1      | Reached XP level 1. HP: 22/22 MP: 0/0
   130 | D:1      | Found a faded altar of an unknown god.
   182 | D:1      | Reached XP level 2. HP: 29/29 MP: 1/1
   202 | D:1      | Found Kigeori Qucu's Antique Armour Shoppe.
   671 | D:2      | Reached XP level 3. HP: 34/36 MP: 2/2
   674 | D:2      | Reached skill level 3 in Unarmed Combat
   777 | D:2      | Noticed Robin
   823 | D:2      | Killed Robin
   824 | D:2      | Reached XP level 4. HP: 38/44 MP: 3/3
  1356 | D:3      | Found a stormy altar of Qazlal.
  1540 | D:3      | Found a sparkling altar of Nemelex Xobeh.
  1601 | D:4      | Noticed Menkaure
  1615 | D:4      | Reached skill level 4 in Unarmed Combat
  1615 | D:4      | Reached XP level 5. HP: 50/53 MP: 4/4
  1672 | D:4      | Found a transporter.
  1725 | D:4      | Killed Menkaure
  1726 | D:4      | Reached XP level 6. HP: 50/61 MP: 5/5
  1740 | D:4      | Noticed an ice beast
  1740 | D:4      | Noticed an ice beast
  2138 | D:4      | Reached skill level 5 in Unarmed Combat
  2208 | D:4      | Found a transporter.
  2353 | D:4      | Reached XP level 7. HP: 62/68 MP: 6/6
  2578 | D:4      | Reached skill level 6 in Unarmed Combat
  2678 | D:5      | Entered Level 5 of the Dungeon
  2979 | D:5      | Reached skill level 5 in Shields
  2979 | D:5      | Reached XP level 8. HP: 68/79 MP: 7/7
  2985 | D:5      | Reached skill level 7 in Unarmed Combat
  3039 | D:5      | Noticed Duvessa
  3044 | D:5      | Noticed Dowan
  3096 | D:5      | Killed Duvessa
  3097 | D:5      | Killed Dowan
  3180 | D:5      | Reached skill level 5 in Fighting
  3626 | D:6      | Reached skill level 8 in Unarmed Combat
  3816 | D:6      | Found a staircase to the Ecumenical Temple.
  3825 | Temple   | Entered the Ecumenical Temple
  3918 | Temple   | Became a worshipper of the Wu Jian Council
  3973 | D:6      | Reached XP level 9. HP: 87/88 MP: 8/8
  4149 | D:6      | Reached skill level 9 in Unarmed Combat
  4480 | D:7      | Reached * piety under Wu Jian
  4713 | D:7      | Reached skill level 10 in Unarmed Combat
  4772 | D:7      | Reached XP level 10. HP: 100/100 MP: 9/9
  4829 | D:7      | Noticed Prince Ribbit
  4838 | D:7      | Killed Prince Ribbit
  4946 | D:7      | Found a radiant altar of Vehumet.
  5370 | D:8      | Noticed a cyclops
  5378 | D:8      | Killed a cyclops
  5592 | D:8      | Reached ** piety under Wu Jian
  5825 | D:9      | Noticed a two-headed ogre
  5904 | D:8      | Reached skill level 11 in Unarmed Combat
  5936 | D:8      | Killed a two-headed ogre
  6074 | D:9      | Reached skill level 5 in Dodging
  6155 | D:9      | Reached XP level 11. HP: 61/109 MP: 10/10
  6450 | D:9      | Found a staircase to the Orcish Mines.
  6588 | D:9      | Reached *** piety under Wu Jian
  6960 | D:10     | Entered Level 10 of the Dungeon
  6971 | D:10     | Found a staircase to the Lair.
  6992 | D:9      | Reached skill level 12 in Unarmed Combat
  7141 | D:10     | Found a bloodstained altar of Trog.
  7141 | D:10     | Found a hazy altar of Hepliaklqana.
  7147 | D:10     | Found a burning altar of Makhleb.
  7149 | D:10     | Found a sacrificial altar of Ru.
  7202 | D:10     | Noticed a two-headed ogre
  7208 | D:10     | Killed a two-headed ogre
  7317 | D:10     | Found a white marble altar of Elyvilon.
  7317 | D:10     | Found an opulent altar of Gozag.
  7317 | D:10     | Found a snail-covered altar of Cheibriados.
  7333 | D:10     | Found a shimmering altar of Xom.
  7334 | D:10     | Found a shimmering blue altar of Sif Muna.
  7334 | D:10     | Found a glowing golden altar of the Shining One.
  7335 | D:10     | Found a hide-covered altar of Uskayaw.
  7454 | D:10     | Reached **** piety under Wu Jian
  7513 | D:10     | Identified the ring "Naoxilank" {rPois rF+ rN+}
  8187 | D:11     | Noticed a two-headed ogre
  8202 | D:11     | Killed a two-headed ogre
  8203 | D:11     | Reached skill level 13 in Unarmed Combat
  8455 | D:11     | Reached XP level 12. HP: 41/119 MP: 11/11
  8466 | D:11     | Reached ***** piety under Wu Jian
  9336 | D:12     | Noticed a two-headed ogre
  9361 | D:12     | Killed a two-headed ogre
  9909 | Orc:1    | Entered Level 1 of the Orcish Mines
  9993 | Orc:1    | You fall into a shaft and drop 1 floor!
  9993 | Orc:2    | Entered Level 2 of the Orcish Mines
  9995 | Orc:2    | Reached skill level 14 in Unarmed Combat
 10027 | Orc:2    | Found Gumu's Antique Armour Shoppe.
 10186 | Orc:2    | Noticed Sonja
 10193 | Orc:2    | Killed Sonja
 10365 | Orc:2    | Noticed an orc high priest
 10373 | Orc:2    | Killed an orc high priest
 10636 | Orc:1    | Reached skill level 10 in Shields
 10636 | Orc:1    | Reached XP level 13. HP: 131/131 MP: 12/12
 10812 | Orc:2    | Found a staircase to the Elven Halls.
 10982 | Orc:2    | Reached ****** piety under Wu Jian
 11424 | Orc:2    | Reached skill level 15 in Unarmed Combat
 11481 | Orc:2    | Found Imerriyck's Antique Armour Boutique.
 11481 | Orc:2    | Found Veohomoc's Assorted Antiques.
 11481 | Orc:2    | Paralysed by an orc sorcerer for 3 turns
 11593 | Orc:2    | Found Deyg's Magic Scroll Boutique.
 11593 | Orc:2    | Found Dufiw's Weapon Shoppe.
 11601 | Orc:2    | Bought a scroll of identify for 26 gold pieces
 11601 | Orc:2    | Bought a scroll of enchant armour for 97 gold pieces
 11601 | Orc:2    | Bought a scroll of identify for 26 gold pieces
 11601 | Orc:2    | Bought a scroll of identify for 26 gold pieces
 11601 | Orc:2    | Bought a scroll of amnesia for 52 gold pieces
 11601 | Orc:2    | Bought a scroll of immolation for 52 gold pieces
 11604 | Orc:2    | Bought a scroll labelled RUH BIRO TAB for 24 gold pieces
 11604 | Orc:2    | Bought a viscous green potion for 21 gold pieces
 11604 | Orc:2    | Bought a murky white potion for 21 gold pieces
 11604 | Orc:2    | Bought a scroll of enchant armour for 180 gold pieces
 11804 | Lair:1   | Entered Level 1 of the Lair of Beasts
 12076 | Lair:1   | Slain by an 11-headed hydra

Illustrated notes

Levels and vault maps discovered:
D:1:      minmay_arrival_stone_box, layout_loops_ring, serial_shops,
          nicolae_shop_overgrown_old_shop,
          dreamdust_ecumenical_altar_drowned_temple, minmay_split_cup_small
D:2:      layout_rooms, minmay_pentomino_w2, uniq_robin
D:3:      layout_rooms, nicolae_overflow_crystal_walls,
          mainiacjoe_overflow_concentric_impassable
D:4:      gammafunk_cloud_chamber, layout_cave_pods, uniq_menkaure
D:5:      layout_loops_ring, minmay_manual_mess, uniq_duvessa
D:6:      layout_basic, minmay_temple_entry_waves, minmay_joined_circles
D:7:      statuecave_lemuel, layout_cave_pools, nicolae_overflow_hidden_temple,
          minmay_ruffians, uniq_prince_ribbit1
D:8:      layout_gridville
D:9:      layout_long_grid, orc_0_dummy
D:10:     layout_stronghold, nicolae_overflow_macrodata_refinement,
          grunt_temple_overflow_open, minmay_lair_entry_grove
D:11:     layout_rooms, special_room [special_room_bee]
D:12:     layout_loops_cross
Temple:   hellmonk_temple_rainy
Lair:1:   layout_small_grid, lemuel_fruit_fields
Orc:1:    layout_diamond_mine
Orc:2:    grunt_orc_tribal_feast, layout_caves, basic_altar, serial_shops, shop,
          lightli_orcish_oven, uniq_sonja

Skill      XL: |  1  2  3  4  5  6  7  8  9 10 11 12 13 |
---------------+----------------------------------------+-----
Shields        | 3 4 5 6 7 9 10 | 10.4
Unarmed Combat | 3 4 5 6 8 10 11 13 14 15 | 15.2
Fighting       | 3 4 5 6 7 8 9 |  9.5
Dodging        | 3 5 6 7 8 |  8.1

Action                     |  1- 3 |  4- 6 |  7- 9 | 10-12 | 13-15 || total
---------------------------+-------+-------+-------+-------+-------++-------
  Melee: Unarmed           |   113 |   158 |   249 |   883 |   185 ||  1588
 Invoke: Serpent's Lash    |       |       |       |       |     1 ||     1
Ability: Lunge             |       |       |     8 |    44 |     8 ||    60
         Whirlwind         |       |       |     2 |    25 |     3 ||    30
    Use: Scroll            |       |     3 |     5 |     1 |     6 ||    15
         Potion            |       |       |       |     1 |       ||     1
   Stab: Sleeping          |       |       |     2 |       |       ||     2
 Armour: Robe              |    55 |       |       |       |       ||    55
         Animal skin       |       |    86 |   104 |    78 |       ||   268
         Acid dragon scale |       |       |       |   350 |   102 ||   452
  Dodge: Dodged            |    56 |   107 |   132 |   496 |    73 ||   864
  Block: Kite shield       |    49 |    80 |    89 |   357 |       ||   575
         Tower shield      |       |       |       |   154 |   140 ||   294

Table legend: (Time is in decaauts)
 A = Elapsed time spent in this place.
 B = Non-inter-level travel time spent in this place.
 C = Inter-level travel time spent in this place.
 D = Time resting spent in this place.
 E = Time spent auto-exploring this place.
 F = Levels seen in this place.
 G = Mean time per level.
                   A        B        C        D        E       F      G
               +--------+--------+--------+--------+--------+-----+--------+
         Total |  11988 |  11315 |    673 |    999 |   7156 |  16 |  749.2 |
       Dungeon |   9838 |   9236 |    602 |    567 |   6394 |  12 |  819.8 |
        Temple |    105 |    105 |      0 |     81 |      0 |   1 |  105.0 |
          Lair |    265 |    265 |      0 |      0 |    183 |   1 |  265.0 |
  Orcish Mines |   1779 |   1709 |     70 |    351 |    579 |   2 |  889.5 |
               +--------+--------+--------+--------+--------+-----+--------+

Top non-repeatable levels by time:
     D:4: 1072 daAuts
    D:10: 1035 daAuts
   Orc:2: 1029 daAuts
     D:9: 1021 daAuts
    D:12: 996 daAuts
     D:8: 877 daAuts
     D:5: 849 daAuts
     D:6: 847 daAuts
    D:11: 802 daAuts
   Orc:1: 749 daAuts
     D:7: 716 daAuts
     D:1: 637 daAuts
     D:2: 526 daAuts
     D:3: 455 daAuts
  Lair:1: 265 daAuts
